 Dungeon Crawl Stone Soup version 0.21.1-1-g345015f (webtiles) character file.

125 sking99 the Chopper (level 5, -4/45 HPs)
             Began as a Hill Orc Fighter on June 21, 2018.
             Slain by Grinder (8 damage)
             ... while paralysed by Grinder
             ... on level 3 of the Dungeon.
             The game lasted 00:04:48 (1768 turns).

sking99 the Chopper (Hill Orc Fighter)              Turns: 1768, Time: 00:04:49

Health: -4/45      AC:  6    Str: 19    XL:     5   Next: 9%
Magic:  5/5        EV:  2    Int:  8    God:
Gold:   133        SH:  0    Dex: 11    Spells: 4/4 levels left

rFire    . . .     SeeInvis .   a - +0 war axe
rCold    . . .     Gourm    .   c - +0 shield
rNeg     . . .     Faith    .   b - +0 scale mail
rPois    .         Spirit   .   (no helmet)
rElec    .         Reflect  .   (no cloak)
rCorr    .         Harm     .   (no gloves)
MR       .....                  (no boots)
Stlth    ..........             (no amulet)
HPRegen  0.15/turn              (no ring)
MPRegen  0.09/turn              (no ring)

@: paralysed
A: no striking features
a: no special abilities


You were on level 3 of the Dungeon.
You were not hungry.

You visited 1 branch of the dungeon, and saw 3 of its levels.

You collected 133 gold pieces.

Inventory:

Hand Weapons
 a - a +0 war axe (weapon)
Armour
 b - a +0 scale mail (worn)
 c - a +0 shield (worn)
Jewellery
 k - an uncursed ring of magical power {unknown}
 q - an uncursed ring of ice {unknown}
 s - a +4 ring of intelligence {unknown}
Scrolls
 g - 2 scrolls of magic mapping
 h - 3 scrolls of identify
 j - a scroll of teleportation {unknown}
 l - 2 scrolls of fog {unknown}
 o - a scroll of enchant armour {unknown}
 p - a scroll of noise {unknown}
Potions
 d - 2 potions of might
 e - a potion of degeneration {unknown}
 i - 3 potions of curing
 m - 2 potions of heal wounds {unknown}
 n - a potion of flight {unknown}
Comestibles
 f - 2 rations
 r - 2 chunks of flesh


   Skills:
 - Level 3.6 Fighting
 * Level 6.8 Axes
 - Level 3.2 Armour
 - Level 3.2 Shields


You had 4 spell levels left.
You didn't know any spells.

Dungeon Overview and Level Annotations

Branches:
Dungeon (3/15)

Altars:
Dithmenos

Annotations:
D:3 Grinder


Message History

* * * LOW HITPOINT WARNING * * *
Okay, then.
Grinder rolls her eyes.
You closely miss Grinder.
Grinder is lightly wounded.
Grinder gestures at you. Pain shoots through your body!
* * * LOW HITPOINT WARNING * * *
As you read the scroll labeled KIFOHO USEEL, it crumbles to dust.
You feel aware of your surroundings.
You sensed 1 altar.
It was a scroll of magic mapping.
Grinder barely misses you. Grinder gestures at you.
You barely resist.
As you read the scroll labeled FUIDYA KIYFF, it crumbles to dust.
It is a scroll of identify.
i - 3 potions of curing Grinder gestures at you.
You suddenly lose the ability to move!
Grinder hits you!
You die...

#.# *,* *, #.#
*,***, #.#
*,,,,, #.#
*****, #5# *,
#.# *, #.# *,
#.####### *,
#...@5..# *,
#######.#
####### #.#
#...... #.#
###...#. #.#
#..(.... #.#
#.#...#.
#.######.÷..÷..
#......<.######
##########,*,**


You could see Grinder.

Vanquished Creatures
  Natasha (thrice) (D:2)
  A gnoll (D:1)
  An adder (D:2)
  A dart slug (D:1)
  2 leopard geckos
  2 goblins
  5 hobgoblins
  5 kobolds
  A quokka (D:2)
  3 bats
  4 frilled lizards
  3 rats
31 creatures vanquished.

Notes
Turn   | Place    | Note
-------+----------+-------------------------------------------
     0 | D:1      | sking99 the Hill Orc Fighter began the quest for the Orb.
     0 | D:1      | Reached XP level 1. HP: 19/19 MP: 1/1
    18 | D:1      | Reached skill level 3 in Axes
    18 | D:1      | Reached XP level 2. HP: 26/26 MP: 2/2
    89 | D:1      | Reached skill level 4 in Axes
   714 | D:2      | Noticed Natasha
   717 | D:2      | Killed Natasha
   717 | D:2      | Reached skill level 5 in Axes
   717 | D:2      | Reached XP level 3. HP: 31/31 MP: 3/3
   869 | D:2      | Reached XP level 4. HP: 39/39 MP: 4/4
   878 | D:2      | Found a shadowy altar of Dithmenos.
  1285 | D:2      | Noticed Natasha
  1290 | D:2      | Killed Natasha
  1290 | D:2      | Reached skill level 6 in Axes
  1547 | D:2      | Noticed Natasha
  1553 | D:2      | Killed Natasha
  1553 | D:2      | Reached XP level 5. HP: 45/45 MP: 5/5
  1713 | D:3      | Noticed Grinder
  1757 | D:3      | HP: 2/45 [Grinder/nerve-wracking pain (10)]
  1766 | D:3      | Paralysed by Grinder for 6 turns
  1768 | D:3      | Slain by Grinder

Skill      XL: |  1  2  3  4 |
---------------+-------------+-----
Axes           | 3 5 6 |  6.8
Fighting       | |  3.6
Armour         | |  3.2
Shields        | |  3.2

Action                   |  1- 3 |  4- 6 || total
-------------------------+-------+-------++-------
Melee: War axe           |    43 |    51 ||    94
  Use: Scroll            |       |     2 ||     2
  Eat: Chunk             |       |     3 ||     3
Armor: Scale mail        |    18 |    13 ||    31
Dodge: Dodged            |    13 |    15 ||    28
Block: Shield            |    17 |    25 ||    42
